 Dungeon Crawl Stone Soup version 0.27-a0-951-gae3e1deef5 (webtiles) character file.

Game seed: 18367691800424442779

112 shoop the Chucker (level 4, -2/48 HPs)
             Began as an Ogre Hunter on Apr 11, 2021.
             Slain by a white imp (3 damage)
             ... summoned by Natasha
             ... on level 3 of the Dungeon.
             The game lasted 00:04:16 (2781 turns).

shoop the Chucker (Ogre Hunter)                     Turns: 2781, Time: 00:04:17

Health: -2/48      AC:  3    Str: 17    XL:     4   Next: 95%
Magic:  4/4        EV:  9    Int: 12    God:
Gold:   117        SH:  0    Dex:  9    Spells: 3/3 levels left

rFire    . . .     SeeInvis .   q - +0 flail
rCold    . . .     Faith    .   (no shield)
rNeg     . . .     Spirit   .   b - +0 robe
rPois    .         Reflect  .   (helmet restricted)
rElec    .         Harm     .   (no cloak)
rCorr    .         Rampage  .   (gloves unavailable)
Will     .....                  (boots unavailable)
Stlth    +.........             r - amulet of regeneration
HPRegen  1.16/turn              (no ring)
MPRegen  0.09/turn              (no ring)

@: no status effects
A: large, unfitting armour, tough skin 1
a: no special abilities


You were on level 3 of the Dungeon.
You visited 1 branch of the dungeon, and saw 3 of its levels.

You collected 117 gold pieces.

Inventory:

Hand Weapons
 a - a +0 short sword
 f - a +0 mace
 q - a +0 flail (weapon)
Missiles
 c - 2 large rocks (quivered)
 d - 2 throwing nets
Armour
 b - a +0 robe (worn)
Jewellery
 o - an amulet of faith
 r - an amulet of regeneration (around neck)
 w - a ring of see invisible
Wands
 v - a wand of flame (17)
Scrolls
 e - a scroll of amnesia {unknown}
 g - a scroll of acquirement {unknown}
 h - 4 scrolls of identify {unknown}
 i - a scroll of enchant armour {unknown}
 k - a scroll of enchant weapon {unknown}
 l - a scroll of torment {unknown}
 n - a scroll of vulnerability {unknown}
 p - a scroll of teleportation {unknown}
 t - a scroll of blinking {unknown}
 u - a scroll of summoning {unknown}
Potions
 j - a potion of flight {unknown}
 m - a potion of mutation {unknown}
 s - 2 potions of haste {unknown}


   Skills:
 + Level 4.0 Fighting
 * Level 2.3 Maces & Flails
 + Level 4.6 Throwing
 - Level 1.7 Dodging
 - Level 1.0 Stealth
 + Level 0.0 Evocations


You had 3 spell levels left.
You didn't know any spells.
Your spell library was empty.

Dungeon Overview and Level Annotations

Branches:
Dungeon (3/15)

Altars:

Annotations:
D:3 Natasha


Innate Abilities, Weirdness & Mutations

You are too large for most types of armour.
You have tough skin. (AC +1)


Message History

Natasha is severely wounded.
The white imp closely misses you.
A goblin comes into view. It is wielding a +0 dagger.
Natasha mumbles some strange words.
The white imp hits you. The white imp freezes you.
You closely miss Natasha.
Natasha is severely wounded.
The goblin shouts!
Natasha casts a spell at you. The magic dart hits you.
* * * LOW HITPOINT WARNING * * *
The white imp hits you.
* * * LOW HITPOINT WARNING * * *
The white imp freezes you.
* * * LOW HITPOINT WARNING * * *
Natasha claws you.
* * * LOW HITPOINT WARNING * * *
Unknown command.
Throw: 4 large rocks
Press: ? - help, Q - select action, (/) - cycle Shift-Dir - straight line, f/p - Natasha
Aim: Natasha (severely wounded, unusually resistant, 51% to hit)
You throw a large rock. The large rock barely misses Natasha.
The crimson imp hits you.
* * * LOW HITPOINT WARNING * * *
The white imp barely misses you. Natasha closely misses you.
The white imp barely misses you. The crimson imp barely misses you.
Throw: 3 large rocks
Press: ? - help, Q - select action, (/) - cycle Shift-Dir - straight line, f/p - Natasha
Aim: Natasha (severely wounded, unusually resistant, 51% to hit)
You throw a large rock.
The large rock hits Natasha but does no damage.
Natasha is severely wounded.
Natasha howls an incantation.
You feel troubled. Natasha claws you.
* * * LOW HITPOINT WARNING * * *
The crimson imp barely misses you. The white imp hits you.
* * * LOW HITPOINT WARNING * * *
The white imp freezes you.
You die...

###### #....# #########....#
###############............#
######...............#######.<..#
.........##....<...### #....#
................@..##########.###
#####..####....h55......##....#
##.## #........####..#.######
##..# #...g....# ##.........
###..######.(..<...# ##..######
#...#.....##....)### #.## #
..##..............## #.#
###................# #.# #
#................# #.#


You could see Natasha (resistant), a crimson imp (summoned), a white imp
(summoned) and a goblin.

Vanquished Creatures
  Natasha (twice) (D:3)
  An adder (D:3)
  A worm (D:3)
  2 dart slugs
  2 endoplasms
  6 goblins
  7 hobgoblins
  2 jackals (D:1)
  3 quokkas
  9 ball pythons
  2 bats
  A frilled lizard (D:2)
  6 kobolds
  3 rats
47 creatures vanquished.

Vanquished Creatures (others)
  3 plants (D:1)
3 creatures vanquished.

Grand Total: 50 creatures vanquished

Notes
Turn   | Place    | Note
-------+----------+-------------------------------------------
     0 | D:1      | shoop the Ogre Hunter began the quest for the Orb.
     0 | D:1      | Reached XP level 1. HP: 22/22 MP: 1/1
    57 | D:1      | Reached skill level 1 in Stealth
   300 | D:1      | Reached XP level 2. HP: 28/31 MP: 2/2
   953 | D:1      | Reached XP level 3. HP: 31/37 MP: 3/3
  1130 | D:1      | Reached skill level 1 in Maces & Flails
  1545 | D:2      | Found a faded altar of an unknown god.
  2081 | D:3      | HP: 1/37 [adder (1)]
  2520 | D:3      | Reached XP level 4. HP: 48/48 MP: 4/4
  2526 | D:3      | Noticed a water moccasin
  2556 | D:3      | Noticed Natasha
  2566 | D:3      | HP: 2/48 [shadow imp[Natasha] (4)]
  2568 | D:3      | Killed Natasha
  2654 | D:3      | Noticed Natasha
  2664 | D:3      | Killed Natasha
  2770 | D:3      | Noticed Natasha
  2781 | D:3      | HP: 1/48 [white imp[Natasha] (2)]
  2781 | D:3      | Slain by a white imp

Illustrated notes

Levels and vault maps discovered:
D:1:      tarquinn_simple_flora_water_d, layout_basic, serial_forest,
          infiniplex_forest_lined_room_2, infiniplex_forest_side_room,
          infiniplex_forest_end_3, infiniplex_forest_corner_1,
          infiniplex_forest_clump_small, infiniplex_forest_clump_double
D:2:      layout_loops_ring, shapermc_ecumenical_altar_venn
D:3:      layout_rooms, chequers_temple_overflow_statue_of_worship,
          lightli_corner_chamber, uniq_natasha

Skill      XL: |  1  2  3  4 |
---------------+-------------+-----
Stealth        | 1 |  1.0
Fighting       | 3 4 |  4.0
Maces & Flails | 1 2 |  2.3
Throwing       | |  4.6
Dodging        | |  1.7

Action                   |  1- 3 |  4- 6 || total
-------------------------+-------+-------++-------
Melee: Short sword       |    46 |       ||    46
       Mace              |    86 |       ||    86
       Flail             |     4 |    32 ||    36
Throw: Throwing net      |     2 |       ||     2
       Large rock        |       |     5 ||     5
  Use: Potion            |     1 |       ||     1
 Stab: Sleeping          |     1 |       ||     1
Armor: Robe              |    46 |     6 ||    52
       Skin              |     1 |       ||     1
Dodge: Dodged            |    82 |    20 ||   102

Table legend: (Time is in decaauts)
 A = Elapsed time spent in this place.
 B = Non-inter-level travel time spent in this place.
 C = Inter-level travel time spent in this place.
 D = Time resting spent in this place.
 E = Time spent auto-exploring this place.
 F = Levels seen in this place.
 G = Mean time per level.
                   A        B        C        D        E       F      G
               +--------+--------+--------+--------+--------+-----+--------+
         Total |   2836 |   2807 |     29 |    568 |   1801 |   3 |  945.3 |
       Dungeon |   2836 |   2807 |     29 |    568 |   1801 |   3 |  945.3 |
               +--------+--------+--------+--------+--------+-----+--------+

Top non-repeatable levels by time:
     D:1: 1395 daAuts
     D:2: 990 daAuts
     D:3: 450 daAuts
